 Dungeon Sprint DCSS version 0.31-a0-75-g6fe912e8c5 (webtiles) character file.

Game seed: 12360280947400153052

522861 fozzywoppz the End of an Era (level 20, 256/256 HPs)
             Began as a Demonspawn Fighter on May 24, 2023.
             Was the Champion of Qazlal.
             Escaped with the Orb!
             The game lasted 00:29:31 (2058 turns).

fozzywoppz the End of an Era (Demonspawn Fighter)   Turns: 2058, Time: 00:29:32

Health: 256/256    AC: 40    Str: 26    XL:     20   Next: 9%
Magic:  37/37      EV: 33    Int: 14    God:    Qazlal [******]
Gold:   0          SH: 45    Dex: 23    Spells: 19/19 levels left

rFire   + . .        b - +9 demon whip (vamp)
rCold   + . .        I - +10 tower shield of Ignorance {rN+ Int-4}
rNeg    + + +        a - +9 gold dragon scales
rPois   +            (no helmet)
rElec   .            (cloak unavailable)
rCorr   .            (no gloves)
SInv    .            y - +3 pair of seven-league boots {Rampage+∞}
Will    +....        w - amulet "Zexydey" {Acrobat +Blink Int+5 Dex+4} Stlth
                     A - ring of Harmony {EV+5 Str+3}
HPRegen 0.62/turn    v - ring of Udoolee {rN++ EV+5 Int+3}
MPRegen 0.50/turn

%: no teleportation, repel missiles, acrobat, guardian spirit, rampage+∞
@: studying 3 skills
A: thin skeletal structure 2, powered by death 3, robust 3, magic shield, magic
regeneration, magic link, weakness stinger 3, subdued magic 1
0: Orb of Zot
a: Renounce Religion, Evoke Blink, Upheaval, Elemental Force, Disaster Area


You escaped.
You worshipped Qazlal.
Qazlal was exalted by your worship.
You visited 1 branch

Inventory:

Hand Weapons
 b - a +9 vampiric demon whip (weapon)
 C - the +7 great mace "Firestarter" {flame, immolate, rFlCloud rF++}
   (You found it in the Dungeon)

   rFlCloud:  It grants immunity to clouds of flame.
   rF:        It greatly protects you from fire.
 D - the +6 shillelagh "Devastator" {shatter}
   (You found it in the Dungeon)
 M - the +5 broad axe of Pyawkanaez {speed, Str+5 Int+4}
   (You found it in the Dungeon)

   Str:       It affects your strength (+5).
   Int:       It affects your intelligence (+4).
 P - the +4 morningstar of the Well-Known Mice {vamp, rF+ rN+}
   (You found it in the Dungeon)

   rF:        It protects you from fire.
   rN:        It protects you from negative energy.
 Q - the +7 broad axe "Sarcophage" {speed, *Rage rF+ Dex+4}
   (You found it in the Dungeon)

   Dex:       It affects your dexterity (+4).
   rF:        It protects you from fire.
   *Rage:     It berserks you when you make melee attacks (+20% chance).
Armour
 a - +9 gold dragon scales (worn)
 y - the +3 pair of seven-league boots (worn) {Rampage+∞}
   (You found it in the Dungeon)

   Rampage+∞: When moving toward enemies, its wearer moves as far as possible,
   alerting their target en route.
 z - the +0 pair of boots of the Gloaming {Drain rCorr Str+5 Int+2}
   (You found it in the Dungeon)

   Str:       It affects your strength (+5).
   Int:       It affects your intelligence (+2).
   rCorr:     It protects you from acid and corrosion.
   Drain:     It drains your maximum health when unequipped.
 F - the +2 helmet "Cyirososk" {Fly rPois rCorr Str-3}
   (You found it in the Dungeon)

   Str:       It affects your strength (-3).
   rPois:     It protects you from poison.
   Fly:       It grants you flight.
   rCorr:     It protects you from acid and corrosion.
 I - the +10 tower shield of Ignorance (worn) {rN+ Int-4}
   (You found it in the Dungeon)

   Int:       It affects your intelligence (-4).
   rN:        It protects you from negative energy.
Jewellery
 o - a ring of resist corrosion
 q - the necklace of Bloodlust {Fury *Rage Will++ Int-3 Slay+6}
   (You found it in the Dungeon)

   [amulet of nothing]

   Fury:      It extends the wearer's berserk rage when killing foes.
   Int:       It affects your intelligence (-3).
   Slay:      It affects your accuracy & damage with ranged weapons and melee
   (+6).
   *Rage:     It berserks you when you make melee attacks (+50% chance).
   Will:      It greatly increases your willpower.
 v - the ring of Udoolee (right hand) {rN++ EV+5 Int+3}
   (You found it in the Dungeon)

   [ring of evasion]

   EV:        It affects your evasion (+5).
   Int:       It affects your intelligence (+3).
   rN:        It greatly protects you from negative energy.
 w - the amulet "Zexydey" (around neck) {Acrobat +Blink Int+5 Dex+4}
   (You found it in the Dungeon)

   [amulet of the acrobat]

   It increases your evasion while moving and waiting.
   Int:       It affects your intelligence (+5).
   Dex:       It affects your dexterity (+4).
   +Blink:    It lets you blink.
 A - the ring of Harmony (left hand) {EV+5 Str+3}
   (You found it in the Dungeon)

   [ring of evasion]

   EV:        It affects your evasion (+5).
   Str:       It affects your strength (+3).
 E - the ring of Zothoh {rPois rF+ Will+ Int+2 Stlth+}
   (You found it in the Dungeon)

   [ring of willpower]

   Int:       It affects your intelligence (+2).
   rF:        It protects you from fire.
   rPois:     It protects you from poison.
   Will:      It increases your willpower.
   Stlth:     It makes you more stealthy.
 G - the amulet "Myulesmu" {Spirit rElec rPois rF+}
   (You found it in the Dungeon)

   [amulet of guardian spirit]

   It causes incoming damage to be divided between your reserves of health and
   magic.
   rF:        It protects you from fire.
   rElec:     It insulates you from electricity.
   rPois:     It protects you from poison.
 K - the ring of Immorality {rN+ MP-9 Str+8 Dex+2}
   (You took it off a deep elf sorcerer in the Dungeon)

   [ring of positive energy]

   Str:       It affects your strength (+8).
   Dex:       It affects your dexterity (+2).
   rN:        It protects you from negative energy.
   MP:        It affects your magic capacity (-9).
 L - a +4 ring of slaying
 R - a +5 ring of evasion
 T - the ring of Yxuppian {Fly Str+2 Int+3 Slay+3}
   (You found it in the Dungeon)

   [ring of flight]

   Str:       It affects your strength (+2).
   Int:       It affects your intelligence (+3).
   Slay:      It affects your accuracy & damage with ranged weapons and melee
   (+3).
   Fly:       It grants you flight.
 U - a ring of wizardry
 V - an amulet of magic regeneration
 W - the ring of Axko {*Slow rPois Will+ Str+2}
   (You found it in the Dungeon)

   [ring of willpower]

   Str:       It affects your strength (+2).
   rPois:     It protects you from poison.
   *Slow:     It may slow you when you take damage.
   Will:      It increases your willpower.
 X - a ring of protection from cold
Wands
 c - a wand of roots (68)
 n - a wand of flame (89)
 s - a wand of mindburst (45)
 t - a wand of quicksilver (56)
 H - a wand of charming (39)
 N - a wand of digging (8)
 S - a wand of polymorph (1)
Scrolls
 j - 4 scrolls of blinking
 p - 8 scrolls of fog
 r - 2 scrolls of fear
 J - 4 scrolls of brand weapon
Potions
 d - a potion of might
 e - 9 potions of curing
 f - 6 potions of heal wounds
 g - 6 potions of haste
 h - 3 potions of magic
 i - 3 potions of berserk rage
 k - 2 potions of brilliance
 l - 2 potions of invisibility
 m - a potion of resistance
Miscellaneous
 u - a phial of floods
 x - a box of beasts
 B - a phantom mirror
 O - a lightning rod (4/4)


   Skills:
 O Level 27 Fighting
 - Level 26.5(27) Axes
 - Level 18.0(24.2) Maces & Flails
 + Level 21.1 Throwing
 O Level 27 Armour
 O Level 27 Dodging
 O Level 27 Shields
 O Level 27 Invocations
 + Level 21.7 Evocations


You had 19 spell levels left.
You didn't know any spells.
Your spell library contained the following spells:

 Spells                   Type           Power      Damage    Failure   Level
 Apportation              Tloc           0%         N/A       86%         1
 Beastly Appendage        Tmut           0%         N/A       86%         1
 Foxfire                  Conj/Fire      0%         2x1d4     86%         1
 Freeze                   Ice            0%         1d3       86%         1
 Magic Dart               Conj           0%         1d3       86%         1
 Shock                    Conj/Air       0%         1d3       86%         1
 Slow                     Hex            0%         N/A       86%         1
 Summon Small Mammal      Summ           0%         N/A       86%         1
 Blink                    Tloc           0%         N/A       95%         2
 Call Imp                 Summ           0%         N/A       95%         2
 Cigotuvi's Dreadful Rot  Necr/Pois/Air  0%         N/A       95%         2
 Lesser Beckoning         Tloc           0%         N/A       95%         2
 Momentum Strike          Conj/Tloc      0%         3d8       95%         2
 Passwall                 Tmut/Erth      0%         N/A       95%         2
 Poisonous Vapours        Pois/Air       0%         N/A       95%         2
 Searing Ray              Conj           0%         2d4       95%         2
 Static Discharge         Conj/Air       0%         2-2/arc   95%         2
 Sublimation of Blood     Necr           0%         N/A       95%         2
 Wereblood                Tmut           0%         N/A       95%         2
 Confusing Touch          Hex            0%         N/A       99%         3
 Dazzling Flash           Conj/Hex       0%         N/A       99%         3
 Frozen Ramparts          Ice            0%         1d1       99%         3
 Gell's Gravitas          Tloc           0%         N/A       99%         3
 Hailstorm                Conj/Ice       0%         3d3       99%         3
 Ignite Poison            Fire/Tmut/Pois 0%         N/A       99%         3
 Inner Flame              Hex/Fire       0%         N/A       99%         3
 Mephitic Cloud           Conj/Pois/Air  0%         N/A       99%         3
 Ozocubu's Armour         Ice            0%         N/A       99%         3
 Spider Form              Tmut/Pois      0%         N/A       99%         3
 Stone Arrow              Conj/Erth      0%         3d7       99%         3
 Summon Guardian Golem    Hex/Summ       0%         N/A       99%         3
 Swiftness                Air            0%         N/A       99%         3
 Teleport Other           Tloc           0%         N/A       99%         3
 Tukima's Dance           Hex            0%         N/A       99%         3
 Vampiric Draining        Necr           0%         2d6       99%         3
 Vhi's Electric Charge    Tloc/Air       0%         N/A       99%         3
 Volatile Blastmotes      Fire/Tloc      0%         2d10      99%         3
 Airstrike                Air            0%         2d(0-16)  100%        4
 Anguish                  Hex/Necr       0%         N/A       100%        4
 Animate Armour           Summ/Erth      0%         N/A       100%        4
 Animate Dead             Necr           0%         N/A       100%        4
 Dispel Undead            Necr           0%         3d6       100%        4
 Flame Wave               Conj/Fire      0%         2d4       100%        4
 Fulminant Prism          Conj/Hex       0%         3d5       100%        4
 Ice Form                 Ice/Tmut       0%         N/A       100%        4
 Leda's Liquefaction      Hex/Erth       0%         N/A       100%        4
 Olgreb's Toxic Radiance  Pois           0%         N/A       100%        4
 Passage of Golubria      Tloc           0%         N/A       100%        4
 Petrify                  Tmut/Erth      0%         N/A       100%        4
 Summon Ice Beast         Ice/Summ       0%         N/A       100%        4
 Summon Lightning Spire   Summ/Air       0%         N/A       100%        4
 Agony                    Necr           0%         N/A       100%        5
 Alistair's Intoxication  Tmut/Pois      0%         N/A       100%        5
 Arcjolt                  Conj/Air       0%         1d10      100%        5
 Blade Hands              Tmut           0%         N/A       100%        5
 Borgnjor's Vile Clutch   Necr/Erth      0%         N/A       100%        5
 Fireball                 Conj/Fire      0%         3d3       100%        5
 Freezing Cloud           Conj/Ice/Air   0%         6-21      100%        5
 Irradiate                Conj/Tmut      0%         3d11      100%        5
 Metabolic Englaciation   Hex/Ice        0%         N/A       100%        5
 Silence                  Hex/Air        0%         N/A       100%        5
 Summon Mana Viper        Hex/Summ       0%         N/A       100%        5
 Yara's Violent Unravell  Hex/Tmut       0%         3d3       100%        5
 Conjure Ball Lightning   Conj/Air       0%         3x3d6     100%        6
 Death Channel            Necr           0%         N/A       100%        6
 Dispersal                Tloc           0%         N/A       100%        6
 Eringya's Noxious Bog    Tmut/Pois      0%         N/A       100%        6
 Plasma Beam              Fire/Air       0%         2x1d11    100%        6
 Simulacrum               Ice/Necr       0%         N/A       100%        6
 Starburst                Conj/Fire      0%         6d3       100%        6
 Statue Form              Tmut/Erth      0%         N/A       100%        6
 Dragon Form              Tmut           0%         N/A       100%        7
 Enfeeble                 Hex            0%         N/A       100%        7
 Haunt                    Necr/Summ      0%         N/A       100%        7
 Malign Gateway           Summ/Tloc      0%         N/A       100%        7
 Monstrous Menagerie      Summ           0%         N/A       100%        7
 Orb of Destruction       Conj           0%         9d5       100%        7
 Ozocubu's Refrigeration  Ice            0%         4d7       100%        7
 Spellforged Servitor     Conj/Summ      0%         N/A       100%        7
 Storm Form               Tmut/Air       0%         N/A       100%        7
 Summon Hydra             Summ           0%         N/A       100%        7
 Borgnjor's Revivificati  Necr           0%         N/A       100%        8
 Discord                  Hex            0%         N/A       100%        8
 Ignition                 Fire           0%         3d3       100%        8
 Lehudib's Crystal Spear  Conj/Erth      0%         10d2      100%        8
 Maxwell's Capacitive Co  Air            0%         ∞         100%        8
 Necromutation            Tmut/Necr      0%         N/A       100%        8
 Chain Lightning          Conj/Air       0%         N/A       100%        9
 Death's Door             Necr           0%         N/A       100%        9
 Fire Storm               Conj/Fire      0%         5d1       100%        9
 Polar Vortex             Ice            0%         N/A       100%        9
 Shatter                  Erth           0%         3d5*      100%        9


Dungeon Overview and Level Annotations

Branches:
Dungeon (1/1)

Altars:
Ashenzari
Cheibriados
Dithmenos
Fedhas
Gozag
Hepliaklqana
Kikubaaqudgha
Makhleb
Nemelex Xobeh
Okawaru
Qazlal
Ru
Sif Muna
Trog
Uskayaw
Vehumet
Wu Jian
Xom
Yredelemnul
Jiyva
Lugonu


Innate Abilities, Weirdness & Mutations

You have a moderately thin skeletal structure. (Dex +4, Stealth++)
You regenerate a lot of health from kills.
You are extremely robust. (+30% HP)
When hurt, damage is shared between your health and your magic reserves.
You regenerate magic rapidly.
When low on magic, you restore magic in place of health.
You have a sharp stinger which inflicts weakening toxins.
Your spells are a little easier to cast, but a little less powerful.


Message History

Your extra speed is starting to run out.
Things that are here:
a +2 heavy hand axe; Great Wizards, Vol.
II
n - a wand of flame (89) (gained 10 charges)
You feel yourself slow down.
Things that are here:
a staff of conjuration; a +2 orcbow of freezing
Things that are here:
a +0 war axe; a +2 falchion of draining
Things that are here:
a +2 shortbow of flaming; a +0 war axe; a +0 morningstar of protection
X - a ring of protection from cold You see here a +0 short sword.
You start to feel less resistant.
You see here a +0 pair of gloves of dexterity.
Things that are here:
a +2 dire flail of venom; a +3 ring mail of willpower You see here a black draconian corpse.
H - a wand of charming (39) (gained 2 charges)
Items here: ) : [[ †††.
Your resistance to elements expires.
t - a wand of quicksilver (56) (gained 2 charges)
Items here: ) : [[ †††.
You see here a black draconian corpse.
Things that are here:
a +2 dire flail of venom; a +3 ring mail of willpower You see here a +0 pair of gloves of dexterity.
There is a transporter here.
An exit appears before you!
You enter the transporter and appear at another place.
You feel a little less mighty now.
Found the Orb of Zot.
Unknown command.
Found a staircase leading out of the dungeon.
You see here the Orb of Zot.
You pick up the Orb of Zot!
The Orb lets out a hideous shriek!
The lords of Pandemonium are not amused.
Beware!
Now all you have to do is get back out of the dungeon!
There is a staircase leading out of the dungeon here.
You have escaped!

.......)....▓.............▓...8©8
....)[......▓..▓.......▓..▓....=|
...[........▓.............▓......
............▓.............▓......
............▓......©......▓.)))).
.≈.≈≈..≈.≈≈.▓▓▓▓▓▓▓▓▓▓▓▓▓▓▓...†..
▓≈..≈.≈.▓≈.≈▓8888888888888▓.....)
.▓.≈≈≈≈▓.▓≈≈▓8...○.......8▓..▓...
▓..≈....▓...▓8○°@○....©..8▓.▓....
......≈...≈.▓8...........8▓....©.
....©.......▓8888888888888▓▓▓▓▓▓▓
▓▓▓▓▓▓▓▓▓▓▓▓▓▓▓▓▓▓▓▓▓▓▓▓▓▓▓▓▓▓▓▓▓
.)...8©8..[[....▓.....=..8©8.|..|
.)....).)[.)||=.▓.|==.[.......)..
).[.=...|[...)).▓.|")))..)...).).
).".|.)"........▓.[:.[..[........
."............|.▓.......)[[......


There were no monsters in sight!

Vanquished Creatures
  24 pandemonium lords (D)
  6 caustic shrikes (D)
  A golden dragon (D)
  2 electric golems (D)
  7 iron giants (D)
  6 tentacled monstrosities (D)
  8 Hell Sentinels (D)
  17 Orb Guardians (D)
  A lich (D)
  5 deep elf master archers (D)
  3 acid blobs (D)
  3 ancient champions (D)
  9 titans (D)
  A death cob (D)
  A shadow dragon (D)
  4 rockslimes (D)
  18 storm dragons (D)
  4 nagarajas (D)
  4 deep elf sorcerers (D)
  5 azure jellies (D)
  9 quicksilver elementals (D)
  3 emperor scorpions (D)
  A draconian knight (D)
  A ghoul (D)
  7 ghost moths (D)
  An orc warlord (D)
  2 broodmothers (D)
  4 war gargoyles (D)
  2 very ugly things (D)
  A lorocyproca (D)
  3 deep elf annihilators (D)
  6 green draconians (D)
  5 black draconians (D)
  2 white draconians (D)
  2 demonspawn black suns (D)
  4 purple draconians (D)
  A vampire knight (D)
  A red draconian (D)
  9 yellow draconians (D)
  3 merfolk impalers (D)
  A green death (D)
  7 iron golems (D)
  A great orb of eyes (D)
  2 merfolk javelineers (D)
  3 entropy weavers (D)
  A deep elf high priest (D)
  11 spriggan air magi (D)
  A boulder beetle (D)
  2 radroaches (D)
  5 anacondas (D)
  4 dancing weapons (D)
  4 naga warriors (D)
  A soul eater (D)
  A thrashing horror (D)
  8 deep elf knights (D)
  2 sixfirhies (D)
  A skeletal warrior (D)
  A wretched star (D)
  5 crystal echidnas (D)
  A fire crab (shapeshifter) (D)
  A sea snake (D)
  3 orb spiders (D)
  3 pharaoh ants (D)
  A sun moth (D)
  A glowing orange brain (shapeshifter) (D)
  6 deep elf archers (D)
  A necromancer (D)
  4 steelbarb worms (D)
  4 deep elf pyromancers (D)
  10 wolf spiders (D)
  6 deep elf zephyrmancers (D)
  A mana viper (shapeshifter) (D)
  4 orc knights (D)
  An orc sorcerer (D)
  5 shining eyes (D)
  A wolf spider (shapeshifter) (D)
  4 draconians (D)
  2 manticores (shapeshifter) (D)
  9 moths of wrath (D)
  2 naga magi (D)
  2 merfolk sirens (D)
  A torpor snail (shapeshifter) (D)
  2 guardian serpents (D)
  A smoke demon (D)
  3 black mambas (D)
  2 torpor snails (D)
  2 eyes of devastation (D)
  4 demonic crawlers (D)
  A hellion (D)
  A tormentor (D)
  An unseen horror (D)
  An ancient zyme (D)
  4 ice devils (D)
  A troll (D)
  A freezing wraith (D)
  2 meliai (D)
  6 wind drakes (D)
  8 hornets (D)
  A polar bear (D)
  A tarantella (D)
  2 snapping turtles (D)
  4 jumping spiders (D)
  16 air elementals (D)
  3 culicivoras (D)
  A spriggan (shapeshifter) (D)
  2 shadows (D)
  17 slime creatures (D)
  3 starcursed masses (D)
  A golden eye (D)
  2 redbacks (D)
  3 neqoxecs (D)
  A large abomination (D)
  A warg (D)
  5 nagas (D)
  8 water moccasins (D)
  A floating eye (D)
  2 hell hounds (D)
  6 orc warriors (D)
  An ice beast (D)
  3 ogres (D)
  2 phantoms (D)
  2 necrophages (D)
  A small abomination (D)
  An earth elemental (D)
  6 wights (D)
  A crimson imp (D)
  A quasit (D)
  An orc priest (D)
  A gnoll bouda (D)
  2 jellies (D)
  An iron imp (D)
  3 orc wizards (D)
  4 adders (D)
  A shadow imp (D)
  4 white imps (D)
  An ufetubus (D)
  2 adder zombies (D)
  An adder simulacrum (D)
  2 ball pythons (D)
  2 bat skeletons (D)
  A ball python simulacrum (D)
  3 ball python skeletons (D)
  4 ball python zombies (D)
  A bat simulacrum (D)
  2 giant cockroach zombies (D)
  A jackal zombie (D)
  A quokka skeleton (D)
  6 quokka zombies (D)
512 creatures vanquished.

Vanquished Creatures (collateral kills)
  A deep elf archer (D)
  A deep elf zephyrmancer (D)
  2 water elementals (D)
  A naga (D)
5 creatures vanquished.

Vanquished Creatures (others)
  4 pandemonium lords (D)
  An eldritch tentacle (D)
  A dancing weapon (D)
  A soul eater (D)
  A crystal echidna (D)
  A bat zombie (D)
9 creatures vanquished.

Grand Total: 526 creatures vanquished

Notes
Turn   | Place    | Note
-------+----------+-------------------------------------------
     0 | D        | fozzywoppz the Demonspawn Fighter began the quest for the
                  | Orb.
     0 | D        | Reached XP level 1. HP: 18/18 MP: 1/1
     0 | D        | Found a shimmering blue altar of Sif Muna.
     0 | D        | Found a bloodstained altar of Trog.
     0 | D        | Found a sacrificial altar of Ru.
     0 | D        | Found a stormy altar of Qazlal.
     0 | D        | Found an iron altar of Okawaru.
     1 | D        | Found a sparkling altar of Nemelex Xobeh.
     1 | D        | Found a blossoming altar of Fedhas.
     1 | D        | Found the +6 Majin-Bo {spellvamp, MP+6 Int+6}
     1 | D        | Found the +27 heavy crossbow "Sniper" {heavy, Acc+∞ SInv}
     1 | D        | Found the +10 dark maul {heavy}
     1 | D        | Found the +15 Maxwell's patent armour {-Cast -Tele rElec
                  | Will+ rCorr}
     1 | D        | Found the +18 shield of the Gong {Loud rN+ Will+ rCorr
                  | EV-5}
     1 | D        | Found the +16 obsidian axe {drain, demonic, Mesm Drain Fly
                  | SInv}
     1 | D        | Found the +7 great mace "Firestarter" {flame, immolate,
                  | rFlCloud rF++}
     1 | D        | Found the +6 shillelagh "Devastator" {shatter}
     1 | D        | Found the +11 plutonium sword {Contam Stlth-}
     1 | D        | Found the +8 lance "Wyrmbane" {slay drac, rPois rF+ rC+
                  | AC+3}
     1 | D        | Found the +9 sword of Zonguldrok {reap}
     1 | D        | Found the +13 scythe of Curses {drain, curses, Drain}
     1 | D        | Found the +9 sword of Power {lifebolt}
     1 | D        | Found the +7 mace of Variability {chaos, chaos arc}
     1 | D        | Found the +11 Singing Sword {sonic wave}
     1 | D        | Found the +8 storm bow {elec, penet}
     3 | D        | Found a transporter.
     3 | D        | Found an ancient bone altar of Kikubaaqudgha.
     3 | D        | Found a viscous altar of Jiyva.
     3 | D        | Found a corrupted altar of Lugonu.
     3 | D        | Found a hazy altar of Hepliaklqana.
     3 | D        | Found a burning altar of Makhleb.
     3 | D        | Found an opulent altar of Gozag.
    67 | D        | Gained mutation: You regenerate a little health from kills.
                  | [demonic ancestry]
    67 | D        | Reached XP level 2. HP: 24/24 MP: 2/2
    77 | D        | Became a worshipper of Qazlal Stormbringer
    98 | D        | Entered arena 2.
    98 | D        | Found a transporter.
   102 | D        | Reached skill level 1 in Invocations
   102 | D        | Gained mutation: You regenerate magic rapidly. [demonic
                  | ancestry]
   102 | D        | Reached XP level 3. HP: 29/29 MP: 2/4
   103 | D        | Reached skill level 5 in Armour
   103 | D        | Reached skill level 5 in Shields
   120 | D        | Entered arena 3.
   120 | D        | Noticed an air elemental
   120 | D        | Noticed an air elemental
   120 | D        | Noticed an air elemental
   120 | D        | Found a transporter.
   120 | D        | Paralysed by an air elemental for 1 turns
   124 | D        | Killed an air elemental
   124 | D        | Reached * piety under Qazlal
   125 | D        | Reached skill level 5 in Fighting
   125 | D        | Reached skill level 5 in Maces & Flails
   125 | D        | Reached skill level 5 in Invocations
   125 | D        | Gained mutation: When hurt, damage is shared between your
                  | health and your magic reserves. [demonic ancestry]
   125 | D        | Reached XP level 4. HP: 28/39 MP: 5/8
   125 | D        | Reached XP level 5. HP: 32/44 MP: 5/9
   125 | D        | Killed an air elemental
   125 | D        | Paralysed by an air elemental for 1 turns
   126 | D        | Gained mutation: You have a small tail. [demonic ancestry]
   126 | D        | Reached XP level 6. HP: 27/52 MP: 3/11
   128 | D        | Killed an air elemental
   129 | D        | Reached XP level 7. HP: 22/59 MP: 2/12
   274 | D        | Entered arena 4.
   274 | D        | Found a transporter.
   275 | D        | Reached ** piety under Qazlal
   288 | D        | Got the Guidebook on the Volley
   295 | D        | Got the +7 hand axe "Fomacro" {freeze, Str+5 Dex+3}
   298 | D        | Entered arena 5.
   298 | D        | Noticed a draconian
   298 | D        | Noticed a draconian
   298 | D        | Noticed a draconian
   298 | D        | Noticed a draconian
   298 | D        | Found a transporter.
   302 | D        | Killed a draconian
   302 | D        | Reached *** piety under Qazlal
   303 | D        | Reached XP level 8. HP: 68/68 MP: 11/15
   305 | D        | Killed a draconian
   306 | D        | Reached skill level 10 in Invocations
   309 | D        | Killed a draconian
   311 | D        | Killed a draconian
   312 | D        | Gained mutation: You regenerate health from kills. [demonic
                  | ancestry]
   312 | D        | Reached XP level 9. HP: 41/76 MP: 9/17
   328 | D        | Entered arena 6.
   328 | D        | Found a transporter.
   331 | D        | Reached **** piety under Qazlal
   335 | D        | Reached skill level 1 in Dodging
   340 | D        | Reached ***** piety under Qazlal
   361 | D        | Entered arena 7.
   361 | D        | Noticed an ice devil
   361 | D        | Noticed an ice devil
   362 | D        | Found a transporter.
   375 | D        | Killed an ice devil
   384 | D        | Killed an ice devil
   392 | D        | Got the ring of Udoolee {rN++ EV+5 Int+3}
   396 | D        | Got the Tractate on Bodies and Vicissitude
   398 | D        | Got the ring of Zothoh {rPois rF+ Will+ Int+2 Stlth+}
   409 | D        | Entered arena 8.
   409 | D        | Noticed a polar bear
   409 | D        | Noticed a freezing wraith
   409 | D        | Noticed an ice devil
   409 | D        | Noticed an ice devil
   410 | D        | Found a transporter.
   419 | D        | Killed an ice devil
   423 | D        | Reached skill level 10 in Fighting
   423 | D        | Reached skill level 10 in Armour
   424 | D        | Killed an ice devil
   424 | D        | Reached ****** piety under Qazlal
   425 | D        | Reached skill level 10 in Shields
   425 | D        | Killed a freezing wraith
   426 | D        | Reached skill level 10 in Maces & Flails
   432 | D        | Killed a polar bear
   447 | D        | Entered arena 9.
   448 | D        | Found a transporter.
   464 | D        | Got the Opusculum on the Jaunt and Hoarfrost
   494 | D        | Entered arena 10.
   494 | D        | Found the +3 pair of seven-league boots {Rampage+∞}
   494 | D        | Noticed a deep elf archer
   494 | D        | Noticed a +1 dire flail of holy wrath
   494 | D        | Noticed a deep elf zephyrmancer
   494 | D        | Noticed a deep elf archer
   494 | D        | Noticed a deep elf knight
   494 | D        | Noticed a deep elf pyromancer
   494 | D        | Noticed a +0 trident of venom
   495 | D        | Found a transporter.
   499 | D        | Killed a +1 dire flail of holy wrath
   500 | D        | Reached skill level 5 in Dodging
   500 | D        | Gained mutation: You have a tail ending in a sharp stinger.
                  | [demonic ancestry]
   500 | D        | Reached XP level 10. HP: 75/87 MP: 16/20
   504 | D        | Killed a deep elf archer
   513 | D        | Killed a deep elf knight
   516 | D        | Killed a deep elf archer
   516 | D        | Killed a deep elf zephyrmancer
   526 | D        | Killed a +0 trident of venom
   527 | D        | Reached skill level 15 in Invocations
   529 | D        | Killed a deep elf pyromancer
   535 | D        | Got the amulet "Zexydey" {Acrobat +Blink Int+5 Dex+4}
   580 | D        | Entered arena 11.
   581 | D        | Found a transporter.
   608 | D        | Got the +0 pair of boots of the Gloaming {Drain rCorr Str+5
                  | Int+2}
   613 | D        | Got the ring "Wamoudie" {Ice Dex+2}
   619 | D        | Got the +2 helmet "Cyirososk" {Fly rPois rCorr Str-3}
   622 | D        | Entered arena 12.
   622 | D        | Noticed a merfolk javelineer
   622 | D        | Noticed a merfolk siren
   622 | D        | Noticed a merfolk siren
   622 | D        | Noticed a merfolk impaler
   622 | D        | Noticed a merfolk impaler
   622 | D        | Noticed a merfolk impaler
   622 | D        | Noticed a sea snake
   623 | D        | Found a transporter.
   623 | D        | Noticed a merfolk javelineer
   630 | D        | Killed a merfolk siren
   631 | D        | Gained mutation: You are robust. (+10% HP) [demonic
                  | ancestry]
   631 | D        | Reached XP level 11. HP: 58/105 MP: 10/22
   632 | D        | Killed a merfolk javelineer
   632 | D        | Killed a merfolk impaler
   632 | D        | Killed a merfolk javelineer
   632 | D        | Killed a merfolk impaler
   633 | D        | Killed a sea snake
   634 | D        | Killed a merfolk impaler
   642 | D        | Got the +5 broad axe of Pyawkanaez {speed, Str+5 Int+4}
   661 | D        | Entered arena 13.
   661 | D        | Noticed a naga warrior
   661 | D        | Noticed a nagaraja
   662 | D        | Found a transporter.
   662 | D        | Noticed an anaconda
   674 | D        | Reached skill level 10 in Dodging
   676 | D        | Killed an anaconda
   679 | D        | Killed a nagaraja
   682 | D        | Killed a naga warrior
   686 | D        | Gained mutation: You regenerate a lot of health from kills.
                  | [demonic ancestry]
   686 | D        | Reached XP level 12. HP: 118/118 MP: 2/25
   688 | D        | Got the Grimoire of the Chill and Illusion
   703 | D        | Got the +4 morningstar of the Well-Known Mice {vamp, rF+
                  | rN+}
   709 | D        | Got the +7 broad axe "Sarcophage" {speed, *Rage rF+ Dex+4}
   719 | D        | Entered arena 14.
   719 | D        | Noticed a starcursed mass
   720 | D        | Found a transporter.
   720 | D        | Found the necklace of Bloodlust {Fury *Rage Will++ Int-3
                  | Slay+6}
   720 | D        | Found the +10 tower shield of Ignorance {rN+ Int-4}
   720 | D        | Found the +3 robe of Clouds {*Thunder rCloud rElec}
   725 | D        | Reached skill level 15 in Fighting
   735 | D        | Killed a starcursed mass
   741 | D        | Reached skill level 15 in Maces & Flails
   751 | D        | Got the Dissertation on Anthracomancy and Companions
   755 | D        | Got the Handbook of Dark Pyromania
   783 | D        | Entered arena 15.
   783 | D        | Noticed a red very ugly thing
   783 | D        | Noticed a purple very ugly thing
   784 | D        | Found a transporter.
   785 | D        | Gained mutation: Your spells are a little easier to cast,
                  | but a little less powerful. [a neqoxec]
   792 | D        | Killed a red very ugly thing
   795 | D        | Killed a purple very ugly thing
   810 | D        | Got the ring of Scepticism {Ice rN+}
   820 | D        | Entered arena 16.
   820 | D        | Noticed a deep elf master archer
   821 | D        | Identified the +1 mace of Paimyc Celoa {chaos, Fly rN+}
   821 | D        | Identified the +4 ring mail "Cugah" {Dex+2}
   821 | D        | Noticed a deep elf master archer
   821 | D        | Noticed a deep elf annihilator
   822 | D        | Found a transporter.
   822 | D        | Identified the +1 trident of the Last Suns {speed, rPois
                  | rC+ MP+9 Int+3}
   839 | D        | Killed a deep elf annihilator
   840 | D        | Gained mutation: You have a somewhat thin skeletal
                  | structure. (Dex +2, Stealth+) [demonic ancestry]
   840 | D        | Reached XP level 13. HP: 73/126 MP: 16/28
   842 | D        | Killed a deep elf master archer
   847 | D        | Killed a deep elf master archer
   901 | D        | Entered arena 17.
   903 | D        | Found a transporter.
   903 | D        | Noticed an emperor scorpion
   944 | D        | Killed an emperor scorpion
   963 | D        | Got Bohod's Discursus on Astrapomancy
   965 | D        | Got the amulet "Xekyskie" {Acrobat rPois}
   968 | D        | Got the ring "Eruicsam" {Ice *Slow Str+6}
  1006 | D        | Entered arena 18.
  1008 | D        | Noticed a lich
  1009 | D        | Found a transporter.
  1009 | D        | Noticed a ghoul
  1009 | D        | Noticed a vampire knight
  1012 | D        | Killed a vampire knight
  1018 | D        | Killed a lich
  1019 | D        | Reached skill level 15 in Shields
  1028 | D        | Killed a ghoul
  1049 | D        | Got the Lectures on Hoarfrost and Blows
  1073 | D        | Entered arena 19.
  1076 | D        | Found a transporter.
  1076 | D        | Identified the +1 glaive of Purpose {flame, rPois Str-2
                  | Int-3 Stlth+}
  1076 | D        | Noticed an orc warlord
  1083 | D        | Reached skill level 5 in Evocations
  1090 | D        | Killed an orc warlord
  1091 | D        | Reached XP level 14. HP: 136/136 MP: 25/30
  1093 | D        | Got the ring of Harmony {EV+5 Str+3}
  1100 | D        | Got the Teachings on Space and Blasts
  1130 | D        | Entered arena 20.
  1133 | D        | Noticed a storm dragon
  1133 | D        | Noticed a storm dragon
  1134 | D        | Found a transporter.
  1134 | D        | Noticed a storm dragon
  1134 | D        | Noticed a storm dragon
  1134 | D        | Noticed a storm dragon
  1134 | D        | Noticed a storm dragon
  1134 | D        | Noticed a storm dragon
  1134 | D        | Noticed a storm dragon
  1134 | D        | Noticed a titan
  1134 | D        | Identified the staff of air "Eqopubuth" {rElec rC+}
  1135 | D        | Killed a storm dragon
  1135 | D        | Killed a storm dragon
  1135 | D        | Killed a storm dragon
  1135 | D        | Killed a storm dragon
  1135 | D        | Killed a storm dragon
  1135 | D        | Paralysed by an air elemental for 1 turns
  1139 | D        | Killed a storm dragon
  1143 | D        | Killed a storm dragon
  1144 | D        | Killed a storm dragon
  1146 | D        | Paralysed by an air elemental for 1 turns
  1155 | D        | Killed a titan
  1164 | D        | Got the amulet "Myulesmu" {Spirit rElec rPois rF+}
  1192 | D        | Entered arena 21.
  1196 | D        | Noticed a deep elf sorcerer
  1196 | D        | Noticed a deep elf sorcerer
  1196 | D        | Noticed a deep elf master archer
  1196 | D        | Identified the ring "Udeheo" {rPois rF- Str+3 Stlth+}
  1196 | D        | Identified the staff of fire "Kigylos" {rF+ Int+5}
  1196 | D        | Noticed a deep elf master archer
  1197 | D        | Found a transporter.
  1197 | D        | Noticed a deep elf master archer
  1197 | D        | Identified the ring of Immorality {rN+ MP-9 Str+8 Dex+2}
  1197 | D        | Noticed a deep elf sorcerer
  1197 | D        | Identified the amulet "Osant" {Reflect rF+ rN+ SH+5}
  1197 | D        | Noticed a deep elf sorcerer
  1198 | D        | Killed a deep elf sorcerer
  1198 | D        | Killed a deep elf sorcerer
  1198 | D        | Killed a deep elf sorcerer
  1198 | D        | Killed a deep elf master archer
  1198 | D        | Killed a deep elf master archer
  1198 | D        | Killed a deep elf sorcerer
  1198 | D        | Killed a deep elf master archer
  1199 | D        | Reached skill level 27 in Invocations
  1199 | D        | Gained mutation: You have a sharp stinger which inflicts
                  | weakening toxins. [demonic ancestry]
  1199 | D        | Reached XP level 15. HP: 150/150 MP: 21/32
  1227 | D        | Entered arena 22.
  1230 | D        | Found a transporter.
  1230 | D        | Noticed a nagaraja
  1230 | D        | Noticed a nagaraja
  1230 | D        | Noticed a nagaraja
  1231 | D        | Killed a nagaraja
  1231 | D        | Killed a nagaraja
  1231 | D        | Killed a nagaraja
  1232 | D        | Reached skill level 15 in Armour
  1232 | D        | Reached skill level 15 in Dodging
  1259 | D        | Entered arena 23.
  1264 | D        | Found a transporter.
  1264 | D        | Noticed an electric golem
  1264 | D        | Noticed a storm dragon
  1264 | D        | Noticed a storm dragon
  1264 | D        | Noticed a titan
  1264 | D        | Noticed a titan
  1264 | D        | Noticed a storm dragon
  1264 | D        | Noticed an electric golem
  1264 | D        | Noticed a storm dragon
  1264 | D        | Noticed a titan
  1264 | D        | Noticed a titan
  1264 | D        | Noticed a storm dragon
  1264 | D        | Noticed a titan
  1264 | D        | Noticed a storm dragon
  1264 | D        | Noticed a titan
  1264 | D        | Noticed a titan
  1264 | D        | Noticed a titan
  1264 | D        | Found the +5 demon whip "Spellbinder" {antimagic, disrupt,
                  | Will+}
  1264 | D        | Paralysed by an air elemental for 1 turns
  1267 | D        | Killed a storm dragon
  1267 | D        | Killed a storm dragon
  1267 | D        | Killed a titan
  1267 | D        | Killed a titan
  1267 | D        | Killed a storm dragon
  1267 | D        | Killed a titan
  1267 | D        | Killed an electric golem
  1267 | D        | Killed a titan
  1267 | D        | Killed a titan
  1267 | D        | Killed an electric golem
  1273 | D        | Killed a storm dragon
  1274 | D        | Killed a titan
  1275 | D        | Killed a storm dragon
  1276 | D        | Killed a titan
  1291 | D        | Killed a titan
  1293 | D        | Killed a storm dragon
  1308 | D        | Got the amulet "Talumef" {Regen+ Str+2}
  1315 | D        | Acquired the +4 eveningstar "Ganovem" {heavy, rPois}
  1318 | D        | Got the Opusculum on Indurated Toxicants
  1320 | D        | Got the ring of Uhaimmadun {Fire rN+}
  1348 | D        | Entered arena 24.
  1352 | D        | Noticed Lyroq the pandemonium lord
  1352 | D        | Noticed Zooduir the pandemonium lord
  1352 | D        | Noticed Paypn the pandemonium lord
  1352 | D        | Noticed Itiywux the pandemonium lord
  1352 | D        | Noticed Roihaun the pandemonium lord
  1353 | D        | Noticed Jimnodel the pandemonium lord
  1353 | D        | Noticed Woxteheh the pandemonium lord
  1353 | D        | Noticed Baghaple the pandemonium lord
  1353 | D        | Noticed Ixeskim the pandemonium lord
  1353 | D        | Noticed Nuwait the pandemonium lord
  1353 | D        | Noticed Hoduifao the pandemonium lord
  1353 | D        | Noticed Zide the pandemonium lord
  1354 | D        | Killed Hoduifao the pandemonium lord
  1354 | D        | Killed Ixeskim the pandemonium lord
  1354 | D        | Killed Lyroq the pandemonium lord
  1354 | D        | Killed Baghaple the pandemonium lord
  1354 | D        | Killed Itiywux the pandemonium lord
  1354 | D        | Noticed Ocen the pandemonium lord
  1354 | D        | Noticed Juecurph the pandemonium lord
  1354 | D        | Noticed Just the pandemonium lord
  1355 | D        | Gained mutation: You have a moderately thin skeletal
                  | structure. (Dex +4, Stealth++) [demonic ancestry]
  1355 | D        | Reached XP level 16. HP: 170/170 MP: 24/33
  1355 | D        | Killed Zooduir the pandemonium lord
  1355 | D        | Killed Paypn the pandemonium lord
  1355 | D        | Killed Nuwait the pandemonium lord
  1356 | D        | Noticed Etwus the pandemonium lord
  1357 | D        | Noticed Xottus the pandemonium lord
  1357 | D        | Noticed Rero the pandemonium lord
  1358 | D        | Noticed Beiq Ura the pandemonium lord
  1359 | D        | Noticed Rintax the pandemonium lord
  1359 | D        | Noticed Zeliweda the pandemonium lord
  1359 | D        | Identified the +3 scale mail of Temperance {Fly rElec
                  | Str+6}
  1361 | D        | Noticed Woiricwy the pandemonium lord
  1361 | D        | Noticed Liuriuro the pandemonium lord
  1361 | D        | Noticed Giagaesi the pandemonium lord
  1361 | D        | Noticed Muilicua the pandemonium lord
  1362 | D        | Killed Roihaun the pandemonium lord
  1363 | D        | Noticed Totwusuo the pandemonium lord
  1364 | D        | Noticed Aliopudgh the pandemonium lord
  1365 | D        | Killed Zide the pandemonium lord
  1365 | D        | Killed Woxteheh the pandemonium lord
  1365 | D        | Killed Jimnodel the pandemonium lord
  1365 | D        | Killed Etwus the pandemonium lord
  1365 | D        | Killed Zeliweda the pandemonium lord
  1366 | D        | Gained mutation: You are very robust. (+20% HP) [demonic
                  | ancestry]
  1366 | D        | Reached XP level 17. HP: 171/201 MP: 9/34
  1367 | D        | Killed Rintax the pandemonium lord
  1372 | D        | Noticed Kypraepn the pandemonium lord
  1374 | D        | Killed Xottus the pandemonium lord
  1375 | D        | Killed Ocen the pandemonium lord
  1375 | D        | Killed Muilicua the pandemonium lord
  1376 | D        | Killed Liuriuro the pandemonium lord
  1376 | D        | Killed Just the pandemonium lord
  1376 | D        | Killed Totwusuo the pandemonium lord
  1376 | D        | Killed Beiq Ura the pandemonium lord
  1376 | D        | Killed Juecurph the pandemonium lord
  1376 | D        | Killed Kypraepn the pandemonium lord
  1379 | D        | Killed Woiricwy the pandemonium lord
  1379 | D        | Killed Giagaesi the pandemonium lord
  1386 | D        | Killed Aliopudgh the pandemonium lord
  1390 | D        | Killed Rero the pandemonium lord
  1393 | D        | Found a transporter.
  1405 | D        | Got the ring "Finam" {Will+ rCorr Dex+2}
  1408 | D        | Got the Catalogue of the Wary Queens
  1410 | D        | Got Vehumet's Opusculum on Energy
  1417 | D        | Got the Guidebook on Destructive Angles
  1436 | D        | Got the ring "Myhuf" {MP+9 Int+4}
  1447 | D        | Got the Codex of Hexes
  1457 | D        | Entered arena 25.
  1463 | D        | Noticed an acid blob
  1464 | D        | Paralysed by a floating eye for 4 turns
  1472 | D        | Reached skill level 27 in Fighting
  1477 | D        | Noticed an acid blob
  1480 | D        | Killed an acid blob
  1480 | D        | Noticed an acid blob
  1501 | D        | Killed an acid blob
  1503 | D        | Killed an acid blob
  1518 | D        | Reached XP level 18. HP: 218/218 MP: 24/35
  1522 | D        | Found the +8 longbow "Zephyr" {speed, Dex+3 SInv}
  1523 | D        | Found the +7 sceptre of Torment {pain, torment}
  1524 | D        | Found a transporter.
  1533 | D        | Got the ring of Yxuppian {Fly Str+2 Int+3 Slay+3}
  1561 | D        | Got the Writings on the Dynamic Cwm
  1569 | D        | Got the ring of Gaackios {Will+ Str+6}
  1589 | D        | Entered arena 26.
  1596 | D        | Noticed a caustic shrike
  1597 | D        | Found a transporter.
  1597 | D        | Noticed a Hell Sentinel
  1597 | D        | Noticed a Hell Sentinel
  1597 | D        | Noticed an iron giant
  1597 | D        | Noticed a Hell Sentinel
  1597 | D        | Noticed an iron giant
  1597 | D        | Noticed a caustic shrike
  1597 | D        | Noticed a Hell Sentinel
  1597 | D        | Noticed an iron giant
  1597 | D        | Noticed a Hell Sentinel
  1597 | D        | Noticed an iron giant
  1597 | D        | Noticed a Hell Sentinel
  1597 | D        | Noticed a caustic shrike
  1597 | D        | Noticed an iron giant
  1597 | D        | Noticed an iron giant
  1597 | D        | Noticed a Hell Sentinel
  1597 | D        | Noticed an iron giant
  1597 | D        | Noticed a caustic shrike
  1597 | D        | Noticed a Hell Sentinel
  1597 | D        | Noticed a caustic shrike
  1598 | D        | Noticed a caustic shrike
  1598 | D        | Killed a caustic shrike
  1598 | D        | Killed an iron giant
  1598 | D        | Killed an iron giant
  1598 | D        | Killed a caustic shrike
  1598 | D        | Killed an iron giant
  1598 | D        | Killed a caustic shrike
  1598 | D        | Killed an iron giant
  1598 | D        | Killed a Hell Sentinel
  1599 | D        | Reached skill level 27 in Armour
  1599 | D        | Reached skill level 27 in Shields
  1599 | D        | Killed a Hell Sentinel
  1599 | D        | Killed an iron giant
  1599 | D        | Killed a Hell Sentinel
  1599 | D        | Killed a caustic shrike
  1599 | D        | Killed a Hell Sentinel
  1599 | D        | Killed a caustic shrike
  1600 | D        | Reached skill level 15 in Axes
  1600 | D        | Reached skill level 27 in Dodging
  1600 | D        | Killed an iron giant
  1600 | D        | Killed an iron giant
  1600 | D        | Killed a Hell Sentinel
  1600 | D        | Killed a caustic shrike
  1608 | D        | Killed a Hell Sentinel
  1615 | D        | Killed a Hell Sentinel
  1629 | D        | Killed a Hell Sentinel
  1796 | D        | Got the Opusculum on Rank Sidekicks
  1798 | D        | Got Oqyzxif's Monograph on the Zephyr
  1813 | D        | Got the Compendium of Transforming Creation
  1832 | D        | Entered arena 27.
  1839 | D        | Found a transporter.
  1839 | D        | Found the ring of the Tortoise {AC+8}
  1841 | D        | Gained mutation: When low on magic, you restore magic in
                  | place of health. [demonic ancestry]
  1841 | D        | Reached XP level 19. HP: 226/226 MP: 17/36
  1922 | D        | Got the ring "Kutsan" {Wiz rPois}
  1941 | D        | Entered arena 28.
  1949 | D        | Noticed a golden dragon
  1949 | D        | Found the +8 arc blade {discharge, rElec}
  1952 | D        | Identified the +2 dire flail "Man Ikar" {speed, rN+ Int+9}
  1954 | D        | Found a transporter.
  1957 | D        | Killed a golden dragon
  1962 | D        | Gained mutation: You are extremely robust. (+30% HP)
                  | [demonic ancestry]
  1962 | D        | Reached XP level 20. HP: 226/256 MP: 32/37
  1972 | D        | Identified the +8 demon trident "Sulogg" {drain, Int+3}
  2002 | D        | Got the ring of Axko {*Slow rPois Will+ Str+2}
  2045 | D        | Got the Orb of Zot
  2058 | D        | Escaped with the Orb!

Illustrated notes

Levels and vault maps discovered:
D:        sprint_v [room_start, room_1, room_2, room_3, room_4, room_5, room_6,
          room_7, room_8, room_9, room_10, room_11, room_12, room_13, room_14,
          room_15, room_16, room_17, room_18, room_19, room_20, room_21,
          room_22, room_23, room_24, room_25, room_26, room_27]

Skill      XL: |  1  2  3  4  5  6  7  8  9 10 11 12 13 14 15 16 17 18 19 20 |
---------------+-------------------------------------------------------------+-----
Maces & Flails | 4 5 6 7 9 10 12 14 16 18 | 18.0
Armour         | 4 6 7 8 9 10 11 14 18 21 24 27 | 27.0
Shields        | 4 6 7 8 9 10 12 15 17 21 23 26 27 | 27.0
Invocations    | 1 5 7 9 11 13 15 18 22 25 27 | 27.0
Fighting       | 5 6 7 9 11 12 14 15 18 22 24 27 | 27.0
Dodging        | 5 7 10 11 14 18 21 24 27 | 27.0
Evocations     | 5 20 21 | 21.7
Axes           | 25 26 | 26.5
Throwing       | 20 21 | 21.1

Action                     |  1- 3 |  4- 6 |  7- 9 | 10-12 | 13-15 | 16-18 | 19-21 || total
---------------------------+-------+-------+-------+-------+-------+-------+-------++-------
  Melee: Shillelagh        |     5 |     3 |       |       |       |       |       ||     8
         Morningstar       |       |       |    28 |       |       |       |       ||    28
         Tailslap          |       |       |    17 |    18 |    39 |    78 |    16 ||   168
         Demon whip        |       |       |    55 |   110 |   140 |   242 |    65 ||   612
 Invoke: Upheaval          |       |       |     1 |     1 |       |       |       ||     2
         Elemental Force   |       |       |       |     3 |       |       |       ||     3
         Disaster Area     |       |       |       |     4 |     9 |     9 |     3 ||    25
    Use: Potion            |     3 |       |     1 |     4 |     7 |     4 |     3 ||    22
         Scroll            |       |       |     9 |       |     1 |       |       ||    10
 Armour: Gold dragon scale |    13 |     3 |    41 |    62 |   107 |    40 |    18 ||   284
  Dodge: Dodged            |     2 |     1 |    14 |    44 |    98 |   151 |    63 ||   373
         Repelled          |       |       |     1 |     3 |     2 |     6 |     1 ||    13
  Block: Kite shield       |     2 |       |   121 |   153 |       |       |       ||   276
         Reflection        |       |       |     1 |       |       |       |       ||     1
         Tower shield      |       |       |       |    64 |   327 |   487 |   153 ||  1031

Table legend: (Time is in decaauts)
 A = Elapsed time spent in this place.
 B = Non-inter-level travel time spent in this place.
 C = Inter-level travel time spent in this place.
 D = Time resting spent in this place.
 E = Time spent auto-exploring this place.
 F = Levels seen in this place.
 G = Mean time per level.
                   A        B        C        D        E       F      G
               +--------+--------+--------+--------+--------+-----+--------+
         Total |   1741 |   1741 |      0 |    155 |      0 |   1 | 1741.0 |
       Dungeon |   1741 |   1741 |      0 |    155 |      0 |   1 | 1741.0 |
               +--------+--------+--------+--------+--------+-----+--------+

Top non-repeatable levels by time:
       D: 1741 daAuts
